 Dungeon Crawl Stone Soup version 0.28-a0-863-g8cecda6153 (webtiles) character file.

Game seed: 8662840630070540160

86 spaced the Cudgeller (level 4, -1/37 HPs)
             Began as a Draconian Gladiator on Nov 18, 2021.
             Was a Follower of Wu Jian.
             Killed from afar by Sigmund (8 damage)
             ... with a puff of flame
             ... on level 2 of the Dungeon.
             The game lasted 00:31:42 (1630 turns).

spaced the Cudgeller (Draconian Gladiator)          Turns: 1630, Time: 00:31:43

Health: -1/37      AC:  5    Str: 17    XL:     4   Next: 27%
Magic:  4/4        EV: 13    Int:  8    God:    Wu Jian [*.....]
Gold:   75         SH:  0    Dex: 13    Spells: 3/3 levels left

rFire   . . .      SeeInvis .   a - +0 flail
rCold   . . .      Faith    .   (no shield)
rNeg    . . .      Spirit   .   (armour unavailable)
rPois   .          Reflect  .   b - +0 hat
rElec   .          Harm     .   (no cloak)
rCorr   .          Rampage  .   (no gloves)
Will    +....                   (no boots)
Stlth   +.........              (no amulet)
HPRegen 0.12/turn               m - ring of willpower
MPRegen 0.09/turn               (no ring)

@: no status effects
A: AC +5, unfitting armour, cold-blooded
a: Renounce Religion


You were on level 2 of the Dungeon.
You worshipped Wu Jian.
Wu Jian was aware of your devotion.
You visited 1 branch of the dungeon, and saw 2 of its levels.

You collected 75 gold pieces.

Inventory:

Hand Weapons
 a - a +0 flail (weapon)
 d - a +0 dagger
 h - a +0 hunting sling
 i - a +0 dagger
 n - a +0 hunting sling
 v - a +0 long sword
Missiles
 c - a throwing net
 g - 17 bolts
 j - 64 stones (quivered)
 k - 22 sling bullets
 o - 61 arrows
Armour
 b - a +0 hat (worn)
 e - a +0 leather armour
 l - a +0 ring mail
 t - a +0 ring mail
Jewellery
 m - a ring of willpower (left hand)
Scrolls
 f - a scroll of teleportation
 p - a scroll of magic mapping {unknown}
 q - a scroll of enchant armour {unknown}
 r - a scroll of noise {unknown}
Potions
 s - 2 potions of curing {unknown}
 u - a potion of might {unknown}


   Skills:
 + Level 2.4 Fighting
 + Level 4.0 Maces & Flails
 + Level 0.7(1.6) Slings
 + Level 2.2(2.3) Throwing
 + Level 3.3 Dodging


You had 3 spell levels left.
You didn't know any spells.
Your spell library was empty.

Dungeon Overview and Level Annotations

Branches:
Dungeon (2/15)

Altars:
Wu Jian

Shops:
D:1 (

Annotations:
D:2 Sigmund


Innate Abilities, Weirdness & Mutations

Your plain brown scales are hard. (AC +5)
You cannot fit into any form of body armour.
You are cold-blooded and may be slowed by cold attacks.


Message History

Sigmund closely misses you.
You barely miss Sigmund.
Sigmund is lightly wounded.
Sigmund hits you but does no damage.
You closely miss Sigmund.
Sigmund is lightly wounded.
Sigmund closely misses you.
You barely miss Sigmund.
Sigmund is lightly wounded.
Sigmund flickers, as though insubstantial.
Sigmund hits you with a +0 scythe.
You barely miss Sigmund.
You tail-slap Sigmund, but do no damage.
Sigmund is lightly wounded.
You barely miss Sigmund.
You tail-slap Sigmund, but do no damage.
Sigmund is lightly wounded.
Sigmund zaps a wand.
The puff of flame hits you.
You hit Sigmund.
You tail-slap Sigmund, but do no damage.
Sigmund is heavily wounded.
Sigmund closely misses you.
You closely miss Sigmund.
Your tail-slap misses Sigmund.
Sigmund is heavily wounded.
Sigmund gestures at you while chanting. You resist with almost no effort.
You closely miss Sigmund.
Sigmund is heavily wounded.
Sigmund hits you with a +0 scythe.
You hit Sigmund.
Your tail-slap misses Sigmund.
Sigmund is heavily wounded.
Sigmund zaps a wand.
The puff of flame hits you!
* * * LOW HITPOINT WARNING * * *
You hit Sigmund.
Sigmund is severely wounded.
Sigmund closely misses you.
You barely miss Sigmund.
Your tail-slap misses Sigmund.
Sigmund is severely wounded.
Sigmund zaps a wand.
The puff of flame hits you!
You die...

...........######
###.......## ###
###...### .. #.††# .#
##.## ##.## ##.##
###...# #...# #.....#
#...# #.#...#
#...########@#####
#...#........@...#
#####...#.#####..###.#
....)........##..###.###
.............##........
......................#
.####...#.##.#..##.#..#
.# #...#.............#
.#
#...#.##.......#..#####


You could see Sigmund.

Vanquished Creatures
  2 adders (D:2)
  3 worms (D:2)
  A dart slug (D:2)
  2 ball pythons (D:1)
  6 bats (D:1)
  6 endoplasms
  A giant cockroach (D:1)
  4 goblins
  3 hobgoblins (D:2)
  10 jackals
  A kobold (D:2)
  5 quokkas
  2 frilled lizards (D:2)
  A rat (D:2)
47 creatures vanquished.

Notes
Turn   | Place    | Note
-------+----------+-------------------------------------------
     0 | D:1      | spaced the Draconian Gladiator began the quest for the Orb.
     0 | D:1      | Reached XP level 1. HP: 17/17 MP: 1/1
   105 | D:1      | Reached XP level 2. HP: 20/24 MP: 2/2
   446 | D:1      | Found Ruiseac's Antique Weapon Shop.
   490 | D:1      | Found a faded altar of an unknown god.
   518 | D:1      | Reached XP level 3. HP: 29/29 MP: 3/3
   544 | D:1      | Prayed at the altar of an unknown god.
   544 | D:1      | Became a worshipper of the Wu Jian Council
   544 | D:1      | Reached * piety under Wu Jian
  1393 | D:2      | Reached skill level 4 in Maces & Flails
  1428 | D:2      | Reached XP level 4. HP: 37/37 MP: 4/4
  1607 | D:2      | Noticed Sigmund
  1630 | D:2      | Killed from afar by Sigmund

Illustrated notes

Levels and vault maps discovered:
D:1:      saegor_arrival_simple_d, layout_rooms, serial_shops,
          nicolae_shop_behind_doors, ebering_ecumenical_altar_ruins
D:2:      layout_loops_cross, kennysheep_pointless_box, uniq_sigmund

Skill      XL: |  1  2  3 |
---------------+----------+-----
Dodging        | 3 |  3.3
Throwing       | 2 |  2.2
Maces & Flails | 4 |  4.0
Fighting       | |  2.4
Slings         | |  0.7

Action                   |  1- 3 |  4- 6 || total
-------------------------+-------+-------++-------
Melee: Flail             |   108 |    25 ||   133
       Tailslap          |    11 |     3 ||    14
 Fire: Hunting sling     |    17 |       ||    17
Throw: Throwing net      |     4 |       ||     4
       Stone             |    25 |     2 ||    27
Invok: Whirlwind         |     4 |       ||     4
       Lunge             |     1 |     2 ||     3
  Use: Scroll            |     1 |       ||     1
Armor: Skin              |    54 |     2 ||    56
Dodge: Dodged            |   102 |    13 ||   115

Table legend: (Time is in decaauts)
 A = Elapsed time spent in this place.
 B = Non-inter-level travel time spent in this place.
 C = Inter-level travel time spent in this place.
 D = Time resting spent in this place.
 E = Time spent auto-exploring this place.
 F = Levels seen in this place.
 G = Mean time per level.
                   A        B        C        D        E       F      G
               +--------+--------+--------+--------+--------+-----+--------+
         Total |   1656 |   1592 |     64 |     14 |    175 |   2 |  828.0 |
       Dungeon |   1656 |   1592 |     64 |     14 |    175 |   2 |  828.0 |
               +--------+--------+--------+--------+--------+-----+--------+

Top non-repeatable levels by time:
     D:1: 886 daAuts
     D:2: 770 daAuts
